 Dungeon Crawl Stone Soup version 0.32-a0-913-g739538afd8 (webtiles) character file.

Game seed: 3901740024159653591

675 Autsider the Trooper (level 7, 0/78 HPs)
             Began as an Oni Hedge Wizard on Apr 8, 2024.
             Slain by a black bear (2 damage)
             ... on level 4 of the Dungeon.
             The game lasted 00:22:34 (6695 turns).

Autsider the Trooper (Oni Hedge Wizard)             Turns: 6695, Time: 00:22:35

Health: 0/78       AC:  1    Str: 17    XL:     7   Next: 59%
Magic:  4/13       EV:  9    Int: 15    God:
Gold:   125        SH:  0    Dex:  8    Spells: 6/14 levels left

rFire   . . .        i - +0 club
rCold   . . .        (no shield)
rNeg    . . .        (body armour restricted)
rPois   .            c - +0 hat
rElec   .            (no cloak)
rCorr   .            (gloves unavailable)
SInv    +            (boots unavailable)
Will    .....        (no amulet)
Stlth   +            b - ring of see invisible
HPRegen 0.33/turn    (no ring)
MPRegen 0.13/turn

%: no passive effects
@: no status effects
A: large, unfitting armour, horns 1, tough skin 1, double potion healing,
drunken brawling
a: no special abilities


You were on level 4 of the Dungeon.
You visited 1 branch of the dungeon, and saw 4 of its levels.
You also visited: Sewer.

You collected 125 gold pieces.

Inventory:

Hand Weapons
 i - a +0 club (weapon)
Armour
 c - a +0 hat (worn)
Jewellery
 b - a ring of see invisible (left hand)
Wands
 a - a wand of paralysis (10)
 d - a wand of flame (37)
Scrolls
 f - a scroll of fog
 g - a scroll of teleportation {@r2}
 h - a scroll of amnesia
 k - a scroll of immolation
 m - a scroll of fear
 o - a scroll of summoning {unknown}
 p - a scroll of brand weapon {unknown}
 q - a scroll of enchant armour {unknown}
Potions
 e - a potion of lignification {unknown}
 j - a potion of resistance {unknown}
 l - a potion of attraction {unknown}
 n - 2 potions of brilliance {unknown}


   Skills:
 * Level 7.1 Fighting
 + Level 3.1 Maces & Flails
 + Level 3.9 Dodging
 - Level 1.4 Stealth
 - Level 4.0 Spellcasting
 - Level 0.8 Conjurations
 - Level 2.0 Summonings
 - Level 0.8 Translocations


You had 6 spell levels left.
You knew the following spells:

 Your Spells              Type           Power      Damage    Failure   Level
a - Magic Dart            Conj           20%        1d4       13%         1
w - Mephitic Cloud        Conj/Alch/Air  3%         N/A       43%         3
z - Blink                 Tloc           10%        N/A       19%         2
A - Call Imp              Summ           18%        N/A       12%         2

Your spell library contained the following spells:

 Spells                   Type           Power      Damage    Failure   Level
 Necrotise                Necr           12%        1d4       19%         1
 Slow                     Hex            12%        N/A       19%         1
 Cigotuvi's Dreadful Rot  Necr/Alch/Air  6%         N/A       26%         2
 Vampiric Draining        Necr           3%         2d6       47%         3
 Martyr's Knell           Necr/Summ      6%         N/A       75%         4
 Curse of Agony           Necr           3%         N/A       99%         5


Dungeon Overview and Level Annotations

Branches:
Dungeon (4/15)              Sewer (visited)
 Temple: D:4-7

Altars:
Elyvilon
Kikubaaqudgha
Trog

Shops:
D:2 :

Annotations:
D:1 exclusion: 2 downstairs
D:3 exclusions: 2 downstairs and 1 more exclusion


Innate Abilities, Weirdness & Mutations

You are too large for most types of armour.
You have a pair of small horns on your head.
You have tough skin. (AC +1)
You gain doubled healing and magic from potions.
Whenever you drink a healing potion, you attack all around you.


Message History

The black bear is severely wounded.
The black bear bites you!
* * * LOW HITPOINT WARNING * * *
The black bear claws you.
* * * LOW HITPOINT WARNING * * *
The black bear closely misses you.
You hit the black bear.
The black bear is severely wounded.
The black bear bites you.
* * * LOW HITPOINT WARNING * * *
The black bear completely misses you. The black bear claws you.
* * * LOW HITPOINT WARNING * * *
You catch the helpless black bear completely off-guard!
You hit the black bear but do no damage.
The black bear is severely wounded.
The black bear closely misses you. The black bear completely misses you.
The black bear claws you.
* * * LOW HITPOINT WARNING * * *
You hit the black bear.
The black bear is severely wounded.
The black bear bites you.
* * * LOW HITPOINT WARNING * * *
The black bear claws you.
* * * LOW HITPOINT WARNING * * *
The black bear barely misses you.
You catch the helpless black bear completely off-guard!
You hit the black bear. You headbutt the black bear.
The black bear is almost dead.
The black bear bites you.
* * * LOW HITPOINT WARNING * * *
The black bear barely misses you. The black bear claws you.
* * * LOW HITPOINT WARNING * * *
You hit the black bear.
The black bear is almost dead.
The black bear closely misses you. The black bear claws you.
* * * LOW HITPOINT WARNING * * *
The black bear claws you.
* * * LOW HITPOINT WARNING * * *
The black bear bites you.
You die...

##*,*,,....#
#.,,*,,....##**********
#.#####......,^,,,,,,,,
#...#......#***********
*#..#......# *
#.........# *
#.##.#.#### * #.##.#h#
* #†...@.# ** ####.###
******* *, #.# *,,,,,*
*, #.# *,,,,,* *, #.#
*,,,,,* *, #.# *,,,,,*
*, #.### *,,,,,* *,
#...# ***,*** ** ###.#
*,* *


You could see a black bear (confused).

Vanquished Creatures
  Pargi (D:4)
  A scorpion (D:4)
  A jelly (Sewer)
  Ijyb (D:3)
  Natasha (D:3)
  3 gnolls
  4 adders
  4 dart slugs
  A ribbon worm (D:4)
  An orc (D:4)
  7 endoplasms
  5 giant cockroaches
  3 goblins
  7 hobgoblins
  6 jackals (D:1)
  3 ball pythons
  6 bats
  6 frilled lizards
  4 kobolds
  6 rats
71 creatures vanquished.

Vanquished Creatures (collateral kills)
  Sigmund (D:3)
  A brain worm (Sewer)
  Natasha (twice) (D:3)
  An adder (D:4)
5 creatures vanquished.

Grand Total: 76 creatures vanquished

Notes
Turn   | Place    | Note
-------+----------+-------------------------------------------
     0 | D:1      | Autsider the Oni Hedge Wizard began the quest for the Orb.
     0 | D:1      | Reached XP level 1. HP: 16/16 MP: 5/5
   230 | D:1      | Reached skill level 1 in Fighting
   304 | D:1      | Reached XP level 2. HP: 27/27 MP: 1/6
   830 | D:1      | Reached skill level 2 in Fighting
  1151 | D:1      | Found a faded altar of an unknown god.
  1156 | D:1      | Reached XP level 3. HP: 33/35 MP: 3/8
  1261 | D:2      | Found Aviet's Book Emporium.
  1447 | D:2      | Reached skill level 3 in Fighting
  1585 | D:2      | Found a white marble altar of Elyvilon.
  1680 | D:2      | Reached XP level 4. HP: 43/45 MP: 6/10
  1714 | D:2      | Learned a level 2 spell: Blink
  1717 | D:2      | Learned a level 2 spell: Call Imp
  1721 | D:2      | Learned a level 3 spell: Mephitic Cloud
  2446 | D:3      | Found an ancient bone altar of Kikubaaqudgha.
  2453 | D:3      | Noticed Sigmund
  2460 | D:3      | Found a bloodstained altar of Trog.
  2762 | D:3      | Noticed Natasha
  2792 | D:3      | Killed Natasha
  2793 | D:3      | Reached skill level 4 in Fighting
  2793 | D:3      | Reached skill level 1 in Maces & Flails
  2793 | D:3      | Reached XP level 5. HP: 18/54 MP: 7/11
  3213 | D:3      | Reached skill level 1 in Summonings
  3231 | D:3      | Noticed Ijyb
  3536 | D:4      | Found a glowing drain.
  3545 | Sewer    | Entered a sewer
  3808 | Sewer    | Reached XP level 6. HP: 41/65 MP: 5/12
  3923 | Sewer    | Noticed Pargi
  3985 | Sewer    | HP: 2/65 [Pargi (2)]
  4031 | D:3      | Noticed Natasha
  4402 | D:3      | Killed Natasha
  4403 | D:3      | Reached skill level 5 in Fighting
  4772 | D:3      | HP: 3/66 [Ijyb/puff of flame (11)]
  4786 | D:3      | HP: 3/66 [Ijyb/+0 club (5)]
  5056 | D:3      | Killed Ijyb
  5114 | D:3      | Noticed Natasha
  5129 | D:3      | Killed Natasha
  5460 | D:3      | Killed Sigmund
  5461 | D:3      | Reached skill level 6 in Fighting
  5461 | D:3      | Reached XP level 7. HP: 65/76 MP: 9/13
  6472 | D:4      | Killed Pargi
  6473 | D:4      | Reached skill level 7 in Fighting
  6695 | D:4      | HP: 3/78 [black bear (4)]
  6695 | D:4      | Slain by a black bear

Illustrated notes

Levels and vault maps discovered:
D:1:      tarquinn_simple_flora_water_d, layout_loops_cross,
          shapermc_ecumenical_altar_acropolis, st_stairs_1, minmay_3d_cube
D:2:      layout_rooms, serial_shops, shop, basic_altar
D:3:      layout_loops_ring, nicolae_overflow_squiral,
          chequers_serial_rivers_large_a, uniq_sigmund, uniq_natasha, uniq_ijyb
D:4:      layout_loops_cross, portal_sewer_entry_d

Skill      XL: |  1  2  3  4  5  6  7 |
---------------+----------------------+-----
Fighting       | 1 2 3 4 6 7 |  7.1
Dodging        | 2 3 |  3.9
Spellcasting   | 4 |  4.0
Maces & Flails | 1 2 3 |  3.1
Summonings     | 1 2 |  2.0
Stealth        | |  1.4
Conjurations   | |  0.8
Translocations | |  0.8

Action                     |  1- 3 |  4- 6 |  7- 9 || total
---------------------------+-------+-------+-------++-------
  Melee: Unarmed           |    13 |       |       ||    13
         Club              |     6 |    89 |    69 ||   164
         Headbutt          |     3 |    17 |    20 ||    40
   Cast: Magic Dart        |    90 |    80 |     6 ||   176
         Call Imp          |       |    28 |    10 ||    38
         Blink             |       |     7 |       ||     7
         Mephitic Cloud    |       |     4 |     8 ||    12
    Use: Scroll            |       |     7 |       ||     7
         Potion            |       |     2 |       ||     2
   Stab: Distracted        |       |     1 |       ||     1
         Confused          |       |     3 |     6 ||     9
 Armour: Skin              |    33 |   122 |    81 ||   236
  Dodge: Dodged            |    12 |    77 |    49 ||   138

Table legend: (Time is in decaauts)
 A = Elapsed time spent in this place.
 B = Non-inter-level travel time spent in this place.
 C = Inter-level travel time spent in this place.
 D = Time resting spent in this place.
 E = Time spent auto-exploring this place.
 F = Levels seen in this place.
 G = Mean time per level.
                   A        B        C        D        E       F      G
               +--------+--------+--------+--------+--------+-----+--------+
         Total |   6733 |   6471 |    262 |   2371 |   2747 |   5 | 1346.6 |
       Dungeon |   6258 |   5996 |    262 |   2150 |   2747 |   4 | 1564.5 |
         Sewer |    474 |    474 |      0 |    221 |      0 |   1 |  474.0 |
               +--------+--------+--------+--------+--------+-----+--------+

Top non-repeatable levels by time:
     D:3: 2570 daAuts
     D:1: 1401 daAuts
     D:2: 1223 daAuts
     D:4: 1062 daAuts
   Sewer: 474 daAuts
